 Dungeon Crawl Stone Soup version 0.16-a0-3827-g034e2a6 (console) character file.

174 MrRokkomies the Cudgeler (level 5, 0/57 HPs)
             Began as an Ogre Skald on Jan 29, 2015.
             Slain by a scorpion (3 damage)
             ... on level 4 of the Dungeon.
             The game lasted 00:11:16 (2980 turns).

MrRokkomies the Cudgeler (Ogre Skald)               Turns: 2980, Time: 00:11:16

Health: 0/57       AC:  3    Str: 17    XL:     5   Next: 54%
Magic:  6/9        EV: 10    Int: 11    God:
Gold:   185        SH:  0    Dex: 10    Spells: 3 memorised, 2 levels left

rFire  . . .     SeeInvis .     a - +0 mace
rCold  . . .     Clarity  .     t - +0 robe
rNeg   . . .     SustAb   .     (shield restricted)
rPois  .         Gourm    .     (helmet restricted)
rElec  .         Spirit   .     (no cloak)
rCorr  .         Warding  .     (gloves unavailable)
rMut   .         Stasis   .     (boots unavailable)
MR     .....                    (no amulet)
Stlth  +.........               (no ring)
                                (no ring)

@: lethally poisoned, infused (expiring), not resistant to hostile enchantments,
very unstealthy
A: unfitting armour, tough skin 1
a: no special abilities


You were on level 4 of the Dungeon.
You were not hungry.

You visited 1 branch of the dungeon, and saw 4 of its levels.

You collected 185 gold pieces.

Inventory:

Hand weapons
 a - a +0 mace (weapon)
 b - a +0 blowgun
Missiles
 e - 2 javelins (quivered)
 g - 22 stones
 m - 16 poisoned needles
Armour
 t - a +0 robe (worn)
Magical devices
 u - a wand of random effects (25)
 w - a wand of cold (9)
Scrolls
 f - a scroll of identify
 i - 2 scrolls of fog {unknown}
 k - a scroll of amnesia
 n - a scroll of random uselessness {unknown}
 o - a scroll of recharging {unknown}
 q - 2 scrolls of blinking {unknown}
 r - 2 scrolls of remove curse {unknown}
Potions
 l - a potion of restore abilities
 p - a potion of degeneration {unknown}
 s - a potion of lignification {unknown}
Books
 c - a book of Battle

   Spells                             Type                      Level
   a - Infusion                       Charms                       1
   b - Shroud of Golubria             Charms/Translocation         2
   c - Song of Slaying                Charms                       2
   d - Spectral Weapon                Hexes/Charms                 3
   e - Regeneration                   Charms/Necromancy            3
Comestibles
 d - 2 meat rations
 h - 2 beef jerkies
 j - 3 fruits
 v - a bread ration


   Skills:
 * Level 5.0 Fighting
 * Level 5.3 Maces & Flails
 - Level 0.7 Armour
 + Level 1.9 Dodging
 - Level 2.4 Spellcasting
 - Level 2.1 Charms


You had 2 spell levels left.
You knew the following spells:

 Your Spells              Type           Power        Failure   Level  Hunger
a - Infusion              Chrm           #.....       14%         1    ##.....
b - Shroud of Golubria    Chrm/Tloc      #.........   30%         2    ###....
c - Spectral Weapon       Hex/Chrm       #.......     61%         3    ####...


Dungeon Overview and Level Annotations

Branches:
Dungeon (4/15)
 Temple: D:4-7

Altars:
Elyvilon
Kikubaaqudgha
Ru
Zin

Annotations:
D:3 Grinder


Innate Abilities, Weirdness & Mutations

You are too large for most types of armour.
You have tough skin (AC +1).


Message History

The scorpion poisons you!
You are too injured to fight recklessly!
You are too injured to fight recklessly!
You are too injured to fight recklessly!
You closely miss the scorpion.
The scorpion is moderately wounded.
Your magical infusion is running out.
You feel sick. The scorpion closely misses you.
You hit the scorpion.
The scorpion is heavily wounded.
Your shroud unravels.
You feel sick. The scorpion closely misses you. The scorpion stings you!
* * * LOW HITPOINT WARNING * * *
You are more poisoned.
The scorpion poisons you!
You hit the scorpion.
The scorpion is severely wounded.
* * * LOW HITPOINT WARNING * * *
You feel sick. The scorpion stings you.
You die...

#...##.##...... .
#.##......
#.##.###.. .
#.##.##... #.##
#.##.##... ...
#.####.........
##...##
#.......#.###._
#.....# #######.#.#
#.. #.#.#.# #.#.#
##. ###....s###
####.#.# #.
....#...@.#
#....#.# #.
......#.#.####.####
## .#.#........#†#
....#........#
#.....#.#.##.#
!...###.....##.# #.
. ...#......#
#.....#.#..#
..#.#......#
.#.....#.##.#
..#.....##.#


You could see a scorpion.

Vanquished Creatures
  A scorpion (D:3)
  6 adders
  A giant mite (D:3)
  2 worms
  An ooze (D:3)
  2 orcs
  7 giant cockroaches
  8 hobgoblins
  4 quokkas
  4 bats
  A giant gecko (D:1)
  7 goblins
  8 kobolds
  8 rats
60 creatures vanquished.

Notes
Turn   | Place    | Note
--------------------------------------------------------------
     0 | D:1      | MrRokkomies, the Ogre Skald, began the quest for the Orb.
     0 | D:1      | Reached XP level 1. HP: 22/22 MP: 3/3
   222 | D:1      | Reached skill level 3 in Fighting
   365 | D:1      | Reached skill level 1 in Dodging
   365 | D:1      | Reached XP level 2. HP: 16/31 MP: 5/5
   369 | D:1      | Learned a level 2 spell: Shroud of Golubria
  1193 | D:2      | HP: 1/31 [adder (4)]
  1198 | D:2      | Reached XP level 3. HP: 16/37 MP: 6/6
  1431 | D:2      | Reached skill level 4 in Maces & Flails
  1714 | D:2      | Reached XP level 4. HP: 41/48 MP: 8/8
  1884 | D:2      | Found an ancient bone altar of Kikubaaqudgha.
  2060 | D:3      | Learned a level 3 spell: Spectral Weapon
  2497 | D:3      | Reached skill level 5 in Maces & Flails
  2497 | D:3      | Reached XP level 5. HP: 34/55 MP: 9/9
  2600 | D:3      | Noticed Grinder
  2817 | D:4      | Found a glowing silver altar of Zin.
  2818 | D:4      | Found a white marble altar of Elyvilon.
  2831 | D:4      | Found a sacrificial altar of Ru.
  2904 | D:4      | Reached skill level 5 in Fighting
  2980 | D:4      | Slain by a scorpion

Action                   |  1- 3 |  4- 6 || total
-------------------------+-------+-------++-------
Melee: Mace              |   119 |   110 ||   229
Throw: Javelin           |     1 |     2 ||     3
 Cast: Shroud of Golubri |       |     2 ||     2
       Infusion          |       |     1 ||     1
  Use: Potion            |     3 |       ||     3
       Scroll            |     3 |     4 ||     7
  Eat: Chunk             |     2 |     5 ||     7
